 Dungeon Crawl Stone Soup version 0.21.0 (webtiles) character file.

1050 Jinx the Cudgeler (level 8, 33/64 HPs)
             Began as a Demonspawn Gladiator on May 15, 2018.
             Was an Initiate of Okawaru.
             Quit the game on level 6 of the Dungeon.
             The game lasted 00:13:24 (6436 turns).

Jinx the Cudgeler (Demonspawn Gladiator)            Turns: 6436, Time: 00:13:25

Health: 33/64      AC:  9    Str: 17    XL:     8   Next: 5%
Magic:  8/8        EV: 12    Int: 10    God:    Okawaru [......]
Gold:   394        SH:  0    Dex: 14    Spells: 7/7 levels left

rFire    . . .     SeeInvis +   a - +0 flail
rCold    . . .     Gourm    .   (no shield)
rNeg     . . .     Faith    .   b - +0 leather armour
rPois    .         Spirit   .   m - +1 helmet {SInv}
rElec    .         Reflect  .   B - +0 cloak (curse)
rCorr    .         Harm     .   z - +0 pair of gloves
MR       .....                  (no boots)
Stlth    +.........             (no amulet)
HPRegen  0.20/turn              (no ring)
MPRegen  0.11/turn              (no ring)

@: no status effects
A: claws 1, slimy green scales 1, demonic guardian 1
a: Renounce Religion


You were on level 6 of the Dungeon.
You worshipped Okawaru.
Okawaru was noncommittal.
You were hungry.

You visited 2 branches of the dungeon, and saw 7 of its levels.

You collected 394 gold pieces.

Inventory:

Hand Weapons
 a - a +0 flail (weapon)
 x - a +0 blowgun
Missiles
 d - 2 throwing nets (quivered)
 t - 7 tomahawks
 w - 50 poisoned needles
 y - 8 needles of confusion
Armour
 b - a +0 leather armour (worn)
 c - a +0 helmet
 m - a +1 helmet of see invisible (worn)
 z - a +0 pair of gloves (worn)
 B - a cursed +0 cloak (worn)
 F - a scarf of spirit shield
Jewellery
 s - an uncursed ring of flight {unknown}
 u - an uncursed ring of protection from magic {unknown}
 C - a cursed -2 ring of strength {unknown}
 E - an uncursed amulet of regeneration {unknown}
Scrolls
 g - a scroll of immolation {unknown}
 h - a scroll of fog {unknown}
 j - 4 scrolls of remove curse {unknown}
 n - 2 scrolls of amnesia {unknown}
 o - a scroll of fear {unknown}
 p - a scroll of teleportation {unknown}
 q - 6 scrolls of identify {unknown}
 r - a scroll of enchant armour {unknown}
 G - 2 scrolls of noise {unknown}
 I - a scroll of blinking {unknown}
Potions
 e - 2 potions of ambrosia {unknown}
 i - a potion of mutation {unknown}
 k - 2 potions of agility {unknown}
 l - a potion of magic {unknown}
 v - a potion of might {unknown}
 A - a potion of curing {unknown}
 D - 2 potions of lignification {unknown}
 J - 2 potions of haste {unknown}
Books
 H - a book of Maledictions

   Spells                             Type                      Level
   a - Corona                         Hexes                        1
   b - Ensorcelled Hibernation        Hexes/Ice                    2
   c - Confuse                        Hexes                        3
   d - Tukima's Dance                 Hexes                        3
   e - Dazzling Spray                 Conjuration/Hexes            3
Comestibles
 f - 9 rations


   Skills:
 + Level 5.7 Fighting
 * Level 7.5 Maces & Flails
 - Level 1.7 Throwing
 - Level 2.6 Dodging


You had 7 spell levels left.
You didn't know any spells.

Dungeon Overview and Level Annotations

Branches:
Dungeon (6/15)             Temple (1/1) D:6

Altars:
Ashenzari
Cheibriados
Dithmenos
Elyvilon
Gozag
Hepliaklqana
Kikubaaqudgha
Nemelex Xobeh
Okawaru
Qazlal
Ru
Sif Muna
Trog
Uskayaw
Wu Jian
Xom
Yredelemnul
Zin
The Shining One

Shops:
D:4 *


Innate Abilities, Weirdness & Mutations

You have sharp fingernails.
You are partially covered in slimy green scales. (AC +2)
A weak demonic guardian rushes to your aid.


Message History

The ogre is almost dead.
The ogre completely misses you.
You barely miss the ogre.
The ogre is almost dead.
The ogre closely misses you.
You barely miss the ogre.
The ogre is almost dead.
The ogre hits you with a giant spiked club!
You hit the ogre but do no damage.
The ogre is almost dead.
You completely miss the ogre.
The ogre is almost dead.
The ogre hits you with a giant spiked club!
You thump the ogre!
You kill the ogre!
Okawaru accepts your kill.
You have reached level 8!
You feel clever.
Your demonic ancestry asserts itself...
Your fingernails lengthen.
Are you sure you want to abandon this character and quit the game? (Confirm with "yes".)

#.# #.# #.# #(#
....... #.####.# #.#
#.# ###### #......#
#.########.# #
#.###### #.......s((#
#
#.########..#########
# #.#.........### #
#.#.######..).# #.#.#
####)# #.#.# ###@###
#.#.# #.....#
#.#.#######.....######
#.#..................#
#.#########.....####.#
#.# #.....# #.# #.#
###.### #.# #)# #.#
#.# #)# #.#
#.#########


There were no monsters in sight!

Vanquished Creatures
  A sky beast (D:5)
  An ogre (D:6)
  2 centaurs
  A water moccasin zombie (D:6)
  2 scorpions
  A crimson imp (D:5)
  A bullfrog skeleton (D:4)
  A hound (D:4)
  An orc wizard (D:6)
  2 orc priests
  An iguana (D:6)
  3 worker ants
  Robin (D:4)
  8 adders
  A white imp (D:5)
  2 oozes
  3 adder skeletons
  A worm (D:3)
  2 dart slugs
  3 leopard geckos
  8 orcs
  2 ball pythons
  6 giant cockroaches
  8 hobgoblins
  3 jackals (D:3)
  9 kobolds
  4 quokkas
  7 bats
  5 frilled lizards
  16 goblins
  9 rats
115 creatures vanquished.

Vanquished Creatures (collateral kills)
  A scorpion (D:3)
  A bullfrog zombie (D:4)
  An orc wizard (D:4)
  2 iguanas
  An adder skeleton (D:4)
  3 orcs (D:4)
  A bat (D:3)
  3 jackals (D:4)
  A rat (D:3)
14 creatures vanquished.

Grand Total: 129 creatures vanquished

Notes
Turn   | Place    | Note
-------+----------+-------------------------------------------
     0 | D:1      | Jinx the Demonspawn Gladiator began the quest for the Orb.
     0 | D:1      | Reached XP level 1. HP: 16/16 MP: 1/1
   118 | D:1      | Reached skill level 3 in Maces & Flails
   257 | D:1      | Gained mutation: A weak demonic guardian rushes to your aid. [demonic ancestry]
   257 | D:1      | Reached XP level 2. HP: 22/22 MP: 2/2
   637 | D:2      | Gained mutation: You are partially covered in slimy green scales. (AC +2) [demonic ancestry]
   637 | D:2      | Reached XP level 3. HP: 24/28 MP: 3/3
  1053 | D:2      | Reached skill level 4 in Maces & Flails
  1053 | D:2      | Reached XP level 4. HP: 15/34 MP: 4/4
  2129 | D:3      | HP: 1/35 [poisoned by a kobold]
  2886 | D:3      | Reached XP level 5. HP: 37/41 MP: 5/5
  3825 | D:4      | Reached skill level 5 in Maces & Flails
  4150 | D:4      | Noticed Robin
  4302 | D:4      | Killed Robin
  4302 | D:4      | Reached XP level 6. HP: 46/48 MP: 6/6
  4645 | D:4      | Found an opulent altar of Gozag.
  4646 | D:4      | Found Gozag's Platinum Reserve.
  4797 | D:5      | Entered Level 5 of the Dungeon
  4805 | D:5      | Reached skill level 6 in Maces & Flails
  4829 | D:5      | Found a basalt altar of Yredelemnul.
  4955 | D:5      | Reached XP level 7. HP: 40/55 MP: 7/7
  5265 | D:5      | Reached skill level 5 in Fighting
  5580 | D:6      | Found a staircase to the Ecumenical Temple.
  5659 | Temple   | Entered the Ecumenical Temple
  5824 | Temple   | Became a worshipper of Warmaster Okawaru
  6043 | D:6      | Reached skill level 7 in Maces & Flails
  6435 | D:6      | Gained mutation: You have sharp fingernails. [demonic ancestry]
  6435 | D:6      | Reached XP level 8. HP: 33/64 MP: 8/8
  6436 | D:6      | Quit the game

Skill      XL: |  1  2  3  4  5  6  7 |
---------------+----------------------+-----
Maces & Flails | 3 4 5 6 7 |  7.5
Fighting       | 3 4 5 |  5.7
Throwing       | |  1.7
Dodging        | |  2.6

Action                   |  1- 3 |  4- 6 |  7- 9 || total
-------------------------+-------+-------+-------++-------
Melee: Flail             |    98 |   264 |    94 ||   456
Throw: Throwing net      |       |     1 |     1 ||     2
       Tomahawk          |       |     5 |       ||     5
 Stab: Sleeping          |     2 |       |     1 ||     3
       Held in net/web   |       |     2 |       ||     2
  Eat: Chunk             |       |    13 |     4 ||    17
Armor: Leather armour    |    45 |   117 |    15 ||   177
Dodge: Dodged            |    70 |   244 |    56 ||   370
